 Dungeon Crawl Stone Soup version 0.28-a0-580-ga2639ab843 (webtiles) character file.

Game seed: 1763491182677449855

287 devil0160 the Stinger (level 6, -2/47 HPs)
             Began as a Draconian Venom Mage on Oct 2, 2021.
             Slain by a gnoll sergeant (4 damage)
             ... on level 3 of the Dungeon.
             The game lasted 00:26:36 (4456 turns).

devil0160 the Stinger (Draconian Venom Mage)        Turns: 4456, Time: 00:26:37

Health: -2/47      AC:  6    Str: 10    XL:     6   Next: 8%
Magic:  7/11       EV: 13    Int: 17    God:
Gold:   120        SH:  0    Dex: 18    Spells: 10/11 levels left

rFire   . . .      SeeInvis .   f - +1 morningstar (protect)
rCold   . . .      Faith    .   (no shield)
rNeg    . . .      Spirit   .   (armour unavailable)
rPois   .          Reflect  .   (helmet restricted)
rElec   .          Harm     .   (no cloak)
rCorr   .          Rampage  .   (no gloves)
Will    .....                   (no boots)
Stlth   ++........              (no amulet)
HPRegen 0.15/turn               d - +6 ring of dexterity
MPRegen 0.12/turn               (no ring)

@: hasted, very quick
A: AC +6, unfitting armour, cold-blooded
a: no special abilities


You were on level 3 of the Dungeon.
You visited 1 branch of the dungeon, and saw 4 of its levels.

You collected 120 gold pieces.

Inventory:

Hand Weapons
 a - a +0 short sword
 b - a +0 mace
 e - a +0 quarterstaff
 f - a +1 morningstar of protection (weapon)
Missiles
 c - 39 bolts
Jewellery
 d - a +6 ring of dexterity (left hand)
Scrolls
 g - 2 scrolls of identify
Potions
 i - a potion of mutation


   Skills:
 + Level 1.2 Fighting
 + Level 1.4 Short Blades
 + Level 0.6 Maces & Flails
 + Level 2.5 Dodging
 + Level 2.0 Stealth
 + Level 0.9 Unarmed Combat
 + Level 3.4 Spellcasting
 + Level 2.5 Transmutations
 + Level 4.0 Poison Magic


You had 10 spell levels left.
You knew the following spells:

 Your Spells              Type           Power      Damage    Failure   Level
a - Sting                 Tmut/Pois      56%        1d5       4%          1

Your spell library contained the following spells:

 Spells                   Type           Power      Damage    Failure   Level
 Poisonous Vapours        Pois/Air       18%        N/A       11%         2
 Mephitic Cloud           Conj/Pois/Air  7%         N/A       28%         3
 Olgreb's Toxic Radiance  Pois           16%        N/A       32%         4


Dungeon Overview and Level Annotations

Branches:
Dungeon (4/15)
 Temple: D:4-7

Altars:

Shops:
D:4 (


Innate Abilities, Weirdness & Mutations

Your plain brown scales are hard. (AC +6)
You cannot fit into any form of body armour.
You are cold-blooded and may be slowed by cold attacks.


Message History

The gnoll sergeant looks more healthy.
The gnoll sergeant hits you from afar with a +1 spear of flaming.
The gnoll sergeant burns you.
Casting: Sting (safe; 4% risk of failure)
Confirm with . or Enter, or press ? or * to list all spells.
Aiming: Sting (safe; 4% risk of failure)
Press: ? - help, Shift-Dir - straight line, f - gnoll sergeant
Aim: a gnoll sergeant, wielding a +1 spear of flaming and wearing a +0 scale mail (lightly wounded, 79% to hit)
The sting hits the gnoll sergeant.
The gnoll sergeant is poisoned.
The gnoll sergeant is lightly wounded.
The gnoll sergeant completely misses you.
Casting: Sting (safe; 4% risk of failure)
Confirm with . or Enter, or press ? or * to list all spells.
Aiming: Sting (safe; 4% risk of failure)
Press: ? - help, Shift-Dir - straight line, f/p - gnoll sergeant
Aim: a gnoll sergeant, wielding a +1 spear of flaming and wearing a +0 scale mail (moderately wounded, poisoned, 79% to hit)
The sting hits the gnoll sergeant but does no damage.
The gnoll sergeant looks even sicker.
The gnoll sergeant is moderately wounded.
The gnoll sergeant hits you from afar with a +1 spear of flaming!
The gnoll sergeant burns you.
Casting: Sting (safe; 4% risk of failure)
Confirm with . or Enter, or press ? or * to list all spells.
Aiming: Sting (safe; 4% risk of failure)
Press: ? - help, Shift-Dir - straight line, f/p - gnoll sergeant
Aim: a gnoll sergeant, wielding a +1 spear of flaming and wearing a +0 scale mail (moderately wounded, very poisoned, 79% to hit)
The sting hits the gnoll sergeant but does no damage.
The gnoll sergeant looks even sicker.
The gnoll sergeant is moderately wounded.
The gnoll sergeant hits you from afar with a +1 spear of flaming!
* * * LOW HITPOINT WARNING * * *
The gnoll sergeant burns you.
* * * LOW HITPOINT WARNING * * *
The gnoll sergeant hits you from afar with a +1 spear of flaming.
* * * LOW HITPOINT WARNING * * *
The gnoll sergeant burns you.
* * * LOW HITPOINT WARNING * * *
You feel yourself speed up.
The gnoll sergeant hits you from afar with a +1 spear of flaming.
You die...

########..#...#...#..###
........#...#...#...#..#####
#######...#...#...#....#...#
#######.#...#...#...#......#
..........#...#...#...##...######
........#...#...#...#............
.>........#...#...#...###.#######
)#####..#...#...#...#.###.# .#
#....#...#.@.#.......# .#
#.###..#..)#..##.##### .#
#.###....#g.####)#
.#####.......#...# #)#
.......##....##.## #.#
##..#####....#...####.#
...#............>.....#
###.#####.##.#...###### #.#
#.##.##.########


You could see a gnoll sergeant (very poisoned).

Vanquished Creatures
  A scorpion (D:2)
  A jelly (D:3)
  3 gnolls (D:3)
  8 adders
  3 worms
  3 dart slugs
  6 ball pythons
  2 endoplasms
  4 giant cockroaches (D:2)
  8 goblins
  7 hobgoblins
  12 jackals (D:1)
  4 kobolds (D:1)
  4 quokkas
  7 bats
  4 frilled lizards
  10 rats
87 creatures vanquished.

Notes
Turn   | Place    | Note
-------+----------+-------------------------------------------
     0 | D:1      | devil0160 the Draconian Venom Mage began the quest for the
                  | Orb.
     0 | D:1      | Reached XP level 1. HP: 14/14 MP: 3/3
   709 | D:1      | Reached XP level 2. HP: 14/20 MP: 3/5
  1328 | D:1      | Reached XP level 3. HP: 26/26 MP: 4/6
  2329 | D:2      | Found a faded altar of an unknown god.
  2360 | D:2      | Reached XP level 4. HP: 31/33 MP: 4/8
  2980 | D:2      | Noticed a scorpion
  2993 | D:2      | Killed a scorpion
  2994 | D:2      | Reached skill level 1 in Short Blades
  2994 | D:2      | Reached XP level 5. HP: 31/39 MP: 5/9
  3616 | D:3      | Reached skill level 1 in Fighting
  4196 | D:4      | Found Tyunif's Antique Weapon Shop.
  4235 | D:3      | Reached XP level 6. HP: 21/47 MP: 7/11
  4238 | D:3      | Reached skill level 4 in Poison Magic
  4455 | D:3      | HP: 2/47 [gnoll sergeant (2)]
  4456 | D:3      | Slain by a gnoll sergeant

Illustrated notes

Levels and vault maps discovered:
D:1:      ebering_trefoil_3fold, layout_basic
D:2:      minmay_general_purpose_star, layout_rooms,
          shapermc_ecumenical_altar_mp_highgroup
D:3:      layout_loops_ring, hex_medium, minmay_stone_trees_small
D:4:      layout_rooms, mainiacjoe_overflow_boulevard,
          minmay_temple_entry_drinking_statues, serial_shops,
          nicolae_stop_n_shop_2, minmay_snake_closets

Skill      XL: |  1  2  3  4  5  6 |
---------------+-------------------+-----
Dodging        | 2 |  2.5
Short Blades   | 1 |  1.4
Stealth        | 2 |  2.0
Spellcasting   | 3 |  3.4
Transmutations | 2 |  2.5
Fighting       | 1 |  1.2
Poison Magic   | 4 |  4.0
Maces & Flails | |  0.6
Unarmed Combat | |  0.9

Action                   |  1- 3 |  4- 6 || total
-------------------------+-------+-------++-------
Melee: Short sword       |    69 |    19 ||    88
       Unarmed           |     8 |       ||     8
       Tailslap          |     7 |     3 ||    10
       Morningstar       |       |    25 ||    25
       Punch             |       |     1 ||     1
 Cast: Sting             |    57 |    66 ||   123
  Use: Scroll            |     1 |     4 ||     5
       Potion            |     1 |     4 ||     5
Armor: Skin              |    35 |    13 ||    48
Dodge: Dodged            |    64 |    54 ||   118

Table legend: (Time is in decaauts)
 A = Elapsed time spent in this place.
 B = Non-inter-level travel time spent in this place.
 C = Inter-level travel time spent in this place.
 D = Time resting spent in this place.
 E = Time spent auto-exploring this place.
 F = Levels seen in this place.
 G = Mean time per level.
                   A        B        C        D        E       F      G
               +--------+--------+--------+--------+--------+-----+--------+
         Total |   4478 |   4428 |     50 |   2008 |   1499 |   4 | 1119.5 |
       Dungeon |   4478 |   4428 |     50 |   2008 |   1499 |   4 | 1119.5 |
               +--------+--------+--------+--------+--------+-----+--------+

Top non-repeatable levels by time:
     D:1: 2019 daAuts
     D:2: 1426 daAuts
     D:3: 1023 daAuts
     D:4: 8 daAuts
